Map: Lerilak Crest

Players

llllllllllll - Winner!

  • Race: Terran Terran
  • League: Grandmaster

State

  • Race: Protoss Protoss
  • League: Grandmaster

VOD

Have the link to the VOD?

Description

Time

  • Played on: Nov. 25, 2015, 1:06 a.m.
  • Length: 8:26
Show
View Real Time Build Order
Export as new Build Order

llllllllllll Terran - Winner!

Build Orders: Reaper Expand, MMM Bio 

Get SALT Encoding   

  12  0:00  SCV  
  13  0:12  SCV  
  14  0:20  Supply Depot  
  14  0:25  SCV  
  15  0:42  SCV, Barracks  
  16  0:46  Refinery  
  16  0:54  SCV  
  17  1:06  SCV  
  18  1:18  SCV  
  19  1:29  Reaper  
  19  1:30  Orbital Command  
  20  1:40  Command Center  
  20  1:46  Refinery  
  20  1:55  SCV  
  20  1:56  Supply Depot  
  21  2:02  Barracks Reactor  
  21  2:07  SCV  
  22  2:20  SCV, Factory  
  23  2:31  Barracks  
  23  2:32  SCV  
  24  2:38  Marine x2  
  24  2:44  SCV  
  27  2:52  Orbital Command  
  27  2:56  SCV, Marine  
  27  2:57  Marine  
  30  3:04  Factory Tech Lab  
  30  3:08  SCV  
  31  3:14  Marine x2  
  31  3:18  Barracks Tech Lab  
  33  3:20  SCV x2  
  33  3:24  Cyclone  
  38  3:34  Marine x2  
  40  3:35  SCV x2  
  40  3:37  Stimpack  
  40  3:40  Supply Depot  
  42  3:44  Marauder  
  44  3:48  SCV x2  
  46  4:01  Marine x2  
  47  4:04  Starport  
  47  4:06  Supply Depot  
  47  4:07  Factory Reactor, Marauder  
  47  4:08  SCV  
  47  4:09  SCV  
  51  4:20  Barracks  
  51  4:28  SCV x2  
  51  4:31  Supply Depot, Engineering Bay  
  53  4:32  Refinery  
  53  4:33  Marauder  
  53  4:36  Marine x2  
  57  4:45  SCV x2  
  59  4:49  Medivac  
  61  4:53  Refinery, Medivac  
  61  4:57  SCV x2  
  61  4:58  Supply Depot  
  65  5:02  Missile Turret  
  65  5:04  Marauder, Marine  
  65  5:06  Marine  
  69  5:12  Combat Shields  
  69  5:20  Terran Infantry Weapons Level 1, Supply Depot, Marauder  
  67  5:36  SCV x2  
  67  5:38  Medivac x2  
  67  5:41  Marauder x2  
  77  5:48  Supply Depot, SCV x2  
  79  5:50  Supply Depot  
  79  5:51  Concussive Shells  
  79  5:52  Marine x2  
  81  5:59  Liberator x2  
  81  6:00  SCV  
  81  6:01  SCV  
  83  6:15  Marine x4  
  83  6:18  SCV x2  
  95  6:25  Supply Depot  
  95  6:26  Supply Depot  
  94  6:37  Marine x2  
  94  6:38  Marauder x2  
  100  6:44  Liberator x2  
  94  6:56  Command Center  
  92  7:04  Barracks  
  92  7:05  Barracks, Marauder x2  
  102  7:10  Marine x2  
  102  7:13  SCV x2  
  106  7:16  Supply Depot  
  106  7:25  SCV x2  
  106  7:28  Marauder x2  
  112  7:35  Marine x2  
  109  7:38  SCV x2  
  111  7:47  Supply Depot  
  119  7:51  Marauder x2  
  119  7:52  SCV x2  
  119  7:53  Barracks Tech Lab  
  119  7:54  Barracks Reactor  
  123  8:00  Marine x2  
  123  8:04  SCV  
  126  8:07  SCV  
Show
View Real Time Build Order
Export as new Build Order

State Protoss 

Build Orders: 1 Gate Expand, Dark Templar Rush 

Get SALT Encoding   

  12  0:02  Probe (Chrono Boost)  
  13  0:12  Probe (Chrono Boost)  
  14  0:20  Pylon  
  14  0:23  Probe (Chrono Boost)  
  15  0:38  Probe (Chrono Boost)  
  15  0:40  Gateway  
  16  0:44  Assimilator  
  16  0:49  Probe (Chrono Boost)  
  17  1:01  Probe (Chrono Boost)  
  18  1:12  Probe (Chrono Boost)  
  19  1:22  Nexus  
  19  1:26  Probe (Chrono Boost)  
  20  1:38  Cybernetics Core  
  20  1:40  Probe (Chrono Boost)  
  21  1:47  Assimilator  
  21  1:50  Probe (Chrono Boost)  
  22  1:55  Pylon  
  23  2:01  Probe (Chrono Boost)  
  23  2:15  Mothership Core (Chrono Boost), Adept, Warp Gate  
  27  2:33  Probe (Chrono Boost)  
  27  2:35  Probe (Chrono Boost)  
  29  2:39  Twilight Council  
  29  2:42  Adept  
  29  2:43  Probe (Chrono Boost)  
  32  2:45  Probe (Chrono Boost)  
  33  2:54  Probe (Chrono Boost)  
  33  2:57  Pylon  
  34  2:59  Probe (Chrono Boost)  
  34  3:05  Probe (Chrono Boost)  
  36  3:11  Robotics Facility  
  36  3:13  Probe (Chrono Boost)  
  36  3:15  Probe (Chrono Boost)  
  38  3:25  Dark Shrine  
  40  3:27  Probe (Chrono Boost)  
  40  3:29  Probe (Chrono Boost)  
  40  3:30  Adept (Chrono Boost)  
  42  3:36  Assimilator  
  42  3:37  Resonating Glaives (Chrono Boost)  
  42  3:38  Probe  
  42  3:39  Probe  
  44  3:42  Assimilator  
  44  3:50  Probe x2  
  46  4:01  Warp Prism (Chrono Boost)  
  48  4:04  Probe  
  48  4:07  Probe  
  50  4:13  Pylon  
  50  4:15  Pylon  
  50  4:20  Probe  
  50  4:21  Gateway  
  51  4:30  Gateway  
  49  4:32  Probe  
  49  4:33  Probe  
  49  4:36  Adept  
  53  4:43  Pylon  
  53  4:44  Probe  
  53  4:45  Probe, Observer (Chrono Boost)  
  56  5:05  Dark Templar  
  58  5:14  Probe x2  
  58  5:16  Blink  
  60  5:24  Warp Prism (Chrono Boost)  
  59  5:28  Probe x2  
  58  5:37  Adept x3  
  58  5:42  Pylon x2  
  60  6:02  Forge x2  
  60  6:04  Gateway x2, Immortal (Chrono Boost)  
  64  6:08  Gateway  
  64  6:12  Gateway  
  64  6:14  Adept x3  
  70  6:20  Pylon  
  70  6:21  Pylon  
  66  6:35  Protoss Ground Weapons Level 1 (Chrono Boost)  
  66  6:38  Adept x3  
  70  6:43  Gateway  
  70  6:44  Gateway  
  70  6:45  Mothership Core  
  70  6:52  Immortal (Chrono Boost)  
  70  6:54  Gateway  
  74  7:03  Sentry x3  
  74  7:06  Stalker  
  82  7:15  Pylon  
  82  7:16  Pylon  
  82  7:22  Forge  
  82  7:23  Templar Archives  
  80  7:37  Stalker  
  80  7:38  Stalker x4  
  90  7:46  Observer  
  90  7:47  Pylon  
  90  7:49  Pylon  
  91  7:59  Nexus  
  91  8:07  High Templar x2  
  91  8:12  High Templar x2  
Tags
 
Add a new tag
Caveats
  • Supply blocks, unpowered buildings, or Contaminate may cause inaccurate times.
  • Supply counts are checked every 10 seconds.